 Dungeon Crawl Stone Soup version 0.30-a0-782-ge64f9170bb (webtiles) character file.

Game seed: 4075530372409356162

19 theswoord the Cudgeller (level 2, -1/24 HPs)
             Began as a Demonspawn Monk on Feb 18, 2023.
             Slain by a goblin
             ... wielding a +0 club
              (3 damage)
             ... on level 1 of the Dungeon.
             The game lasted 00:00:25 (362 turns).

theswoord the Cudgeller (Demonspawn Monk)            Turns: 362, Time: 00:00:26

Health: -1/24      AC:  2    Str: 11    XL:     2   Next: 55%
Magic:  2/2        EV: 12    Int: 11    God:
Gold:   44         SH:  0    Dex: 15    Spells: 1/1 levels left

rFire   . . .      SeeInvis .    a - +0 mace
rCold   . . .      Faith    .    (no shield)
rNeg    . . .      Spirit   .    b - +0 robe
rPois   .          Reflect  .    (no helmet)
rElec   .          Harm     .    (no cloak)
rCorr   .          Rampage  .    (no gloves)
Will    .....                    (no boots)
Stlth   ++                       (no amulet)
HPRegen 0.24/turn                (no ring)
MPRegen 0.08/turn                (no ring)

@: no status effects
A: sturdy frame 1
a: no special abilities


You were on level 1 of the Dungeon.
You visited 1 branch of the dungeon, and saw 1 of its levels.

You collected 44 gold pieces.

Inventory:

Hand Weapons
 a - a +0 mace (weapon)
Armour
 b - a +0 robe (worn)
Jewellery
 g - a +6 ring of intelligence
Scrolls
 e - a scroll of amnesia {unknown}
Potions
 c - a potion of ambrosia
 d - a potion of haste {unknown}
 f - a potion of brilliance {unknown}


   Skills:
 - Level 3.0 Fighting
 + Level 3.6 Maces & Flails
 - Level 2.6 Dodging
 - Level 1.7 Stealth


You had one spell level left.
You didn't know any spells.
Your spell library was empty.

Dungeon Overview and Level Annotations

Branches:
Dungeon (1/15)

Altars:


Innate Abilities, Weirdness & Mutations

Your movements are slightly less encumbered by armour. (ER -2)


Message History

A quokka is nearby!
A quokka is nearby!
An endoplasm comes into view.
Found 5 gold pieces.
The quokka bites you.
You sock the quokka!
You kill the quokka!
The endoplasm quivers.
You barely miss the endoplasm. The endoplasm freezes you.
You are frozen.
The endoplasm barely misses you.
You hit the endoplasm.
You kill the endoplasm!
You have reached level 2!
Your demonic ancestry asserts itself...
You feel less encumbered by your armour.
You now have 44 gold pieces (gained 5).
g - a +6 ring of intelligence A gnoll comes into view.
It is wielding a +0 flail.
A gnoll is nearby!
A goblin comes into view. It is wielding a +0 club.
You hit the gnoll. The gnoll hits you with a +0 flail.
You hit the gnoll. The gnoll barely misses you.
You hit the gnoll. The gnoll hits you with a +0 flail!
The goblin hits you with a +0 club.
* * * LOW HITPOINT WARNING * * *
The gnoll closely misses you.
You barely miss the gnoll. The goblin completely misses you.
The gnoll closely misses you.
You barely miss the gnoll. The goblin hits you but does no damage.
The gnoll hits you with a +0 flail!
* * * LOW HITPOINT WARNING * * *
You hit the gnoll.
You kill the gnoll!
The goblin closely misses you.
You barely miss the goblin. The goblin closely misses you.
The goblin hits you with a +0 club.
* * * LOW HITPOINT WARNING * * *
You barely miss the goblin. The goblin hits you with a +0 club.
You die...

#
#.####.....#...............###
# #..........................#
#
####..##.######...............#
...#.....# #................#
##.#..#### #..................
#....### #..................
##.....# ##........ #...#.#
#.g....#. #...### #@#..###
#...# #)......# ......
#..#....# .......# #..##....
.......# #..# .... .......#
...# ... #### #


You could see a goblin.

Vanquished Creatures
  A gnoll (D:1)
  2 endoplasms (D:1)
  A hobgoblin (D:1)
  A quokka (D:1)
  3 bats (D:1)
  A frilled lizard (D:1)
  A rat (D:1)
10 creatures vanquished.

Notes
Turn   | Place    | Note
-------+----------+-------------------------------------------
     0 | D:1      | theswoord the Demonspawn Monk began the quest for the Orb.
     0 | D:1      | Reached XP level 1. HP: 18/18 MP: 1/1
   286 | D:1      | Gained mutation: Your movements are slightly less
                  | encumbered by armour. (ER -2) [demonic ancestry]
   286 | D:1      | Reached XP level 2. HP: 20/24 MP: 2/2
   362 | D:1      | Slain by a goblin

Skill      XL: |  1 |
---------------+----+-----
Maces & Flails | 3 |  3.6
Fighting       | |  3.0
Dodging        | |  2.6
Stealth        | |  1.7

Action                     || total
---------------------------++-------
  Melee: Mace              ||    23
   Stab: Sleeping          ||     3
 Armour: Robe              ||     2
  Dodge: Dodged            ||    14

Levels and vault maps discovered:
D:1:      sevenhm_arrival_forest_fort_small_4, layout_rooms,
          serial_corexii_hall, corexii_hall_statues_i,
          chequers_hall_statues_wall_a, serial_bayou_pond_a
